 Dungeon Sprint DCSS version 0.21.1-1-g345015f (webtiles) character file.

296 Gingerlord the Skirmisher (level 6, -3/53 HPs)
             Began as a Demonspawn Fighter on July 7, 2018.
             Was an Initiate of Okawaru.
             Slain by a two-headed ogre
             ... wielding a +0 giant spiked club
              (6 damage)
             ... in the Dungeon (Sprint IX: "|||||||||||||||||||||||||||||").
             The game lasted 00:01:55 (330 turns).

Gingerlord the Skirmisher (Demonspawn Fighter)       Turns: 330, Time: 00:01:56

Health: -3/53      AC: 15    Str: 21    XL:     6   Next: 12%
Magic:  6/9        EV:  6    Int: 13    God:    Okawaru [......]
Gold:   0          SH: 10    Dex: 14    Spells: 5/5 levels left

rFire    . . .     SeeInvis .   a - +0 long sword
rCold    . . .     Gourm    .   c - +0 shield
rNeg     . . .     Faith    .   q - +0 plate armour
rPois    .         Spirit   .   (helmet restricted)
rElec    .         Reflect  .   (no cloak)
rCorr    .         Harm     .   (no gloves)
MR       .....     NoTele   +   p - +0 pair of boots
Stlth    ..........             (no amulet)
HPRegen  0.17/turn              s - +3 ring of intelligence
MPRegen  0.11/turn              r - +2 ring of protection

@: mighty
A: antennae 1, demonic guardian 1, spiny 1
a: Renounce Religion


You were in the Dungeon.
You worshipped Okawaru.
Okawaru was noncommittal.
You were not hungry.

You visited 1 branch

Inventory:

Hand Weapons
 a - a +0 long sword (weapon)
Armour
 c - a +0 shield (worn)
 p - a +0 pair of boots (worn)
 q - a +0 plate armour (worn)
Jewellery
 r - a +2 ring of protection (right hand)
 s - a +3 ring of intelligence (left hand)
Wands
 o - a wand of acid (10)
Scrolls
 k - 2 scrolls of blinking
 m - 3 scrolls of remove curse
 n - 2 scrolls of amnesia
Potions
 e - 4 potions of curing
 g - a potion of invisibility
 h - a potion of haste
 i - 4 potions of magic
 j - a potion of berserk rage
 l - a potion of heal wounds
Comestibles
 f - a ration


   Skills:
 + Level 6.3 Fighting
 + Level 5.2 Long Blades
 + Level 5.6 Armour
 + Level 4.8 Dodging
 + Level 5.6 Shields
 + Level 4.7 Invocations


You had 5 spell levels left.
You didn't know any spells.

Dungeon Overview and Level Annotations

Branches:
Dungeon (1/1)

Altars:
Cheibriados
Dithmenos
Elyvilon
Fedhas
Gozag
Hepliaklqana
Kikubaaqudgha
Makhleb
Nemelex Xobeh
Okawaru
Qazlal
Ru
Sif Muna
Trog
Uskayaw
Vehumet
Wu Jian
Xom
Yredelemnul
Zin
The Shining One
Beogh
Jiyva
Lugonu


Innate Abilities, Weirdness & Mutations

You have a pair of small antennae on your head.
A weak demonic guardian rushes to your aid.
You are partially covered in sharp spines.


Message History

You slash the big kobold!
You kill the big kobold!
Okawaru accepts your kill.
Your Long Blades skill increases to level 5!
You have reached level 6!
Your experience leads to an increase in your attributes!
Your base attributes are Str 16, Int 10, Dex 13.
Increase (S)trength, (I)ntelligence, or (D)exterity?
You feel agile.
Your demonic ancestry asserts itself...
You feel the presence of a demonic guardian.
You slash the two-headed ogre!
The two-headed ogre is moderately wounded.
The two-headed ogre hits you with a giant spiked club!
The two-headed ogre hits you with a giant club.
You slash the two-headed ogre!
The two-headed ogre is moderately wounded.
The two-headed ogre hits you with a giant spiked club!
* * * LOW HITPOINT WARNING * * *
The two-headed ogre hits you with a giant club.
You die... ▓▓▓▓▓▓▓▓▓▓▓▓▓▓▓▓▓▓▓▓▓▓▓ _____'..|).[5.[5@OJ...+ ▓▓▓▓▓▓▓▓▓▓▓▓▓▓▓▓▓▓▓▓▓▓▓

You could see a two-headed ogre, a jelly, a crimson imp and a friendly shadow imp.

Vanquished Creatures
  A centaur (D)
  A big kobold (D)
  A gnoll sergeant (D)
  A crimson imp (D)
  A hound (D)
  An adder (D)
  An ooze (D)
  2 dart slugs (D)
  An orc (D)
  A bat (D)
  A goblin (D)
  A rat (D)
13 creatures vanquished.

Notes
Turn   | Place    | Note
-------+----------+-------------------------------------------
     0 | D        | Gingerlord the Demonspawn Fighter began the quest for the Orb.
     0 | D        | Reached XP level 1. HP: 18/18 MP: 1/1
     9 | D        | Reached skill level 1 in Dodging
    10 | D        | Gained mutation: You have a pair of small antennae on your head. [demonic ancestry]
    10 | D        | Reached XP level 2. HP: 18/24 MP: 2/2
    80 | D        | Noticed a crimson imp
   104 | D        | Reached skill level 4 in Fighting
   104 | D        | Reached XP level 3. HP: 26/31 MP: 3/3
   135 | D        | Reached XP level 4. HP: 27/38 MP: 4/4
   221 | D        | Found a roughly hewn altar of Beogh.
   221 | D        | Found a snail-covered altar of Cheibriados.
   221 | D        | Found a shadowy altar of Dithmenos.
   221 | D        | Found a white marble altar of Elyvilon.
   221 | D        | Found a blossoming altar of Fedhas.
   221 | D        | Found an opulent altar of Gozag.
   222 | D        | Found a hazy altar of Hepliaklqana.
   223 | D        | Found a viscous altar of Jiyva.
   224 | D        | Found an ancient bone altar of Kikubaaqudgha.
   225 | D        | Found a corrupted altar of Lugonu.
   226 | D        | Found a burning altar of Makhleb.
   227 | D        | Found a sparkling altar of Nemelex Xobeh.
   228 | D        | Found an iron altar of Okawaru.
   229 | D        | Found a stormy altar of Qazlal.
   230 | D        | Found a sacrificial altar of Ru.
   231 | D        | Found a deep blue altar of Sif Muna.
   232 | D        | Found a bloodstained altar of Trog.
   233 | D        | Found a hide-covered altar of Uskayaw.
   234 | D        | Found a radiant altar of Vehumet.
   235 | D        | Found an ornate altar of the Wu Jian Council.
   236 | D        | Found a shimmering altar of Xom.
   237 | D        | Found a basalt altar of Yredelemnul.
   238 | D        | Found a glowing silver altar of Zin.
   239 | D        | Found a glowing golden altar of the Shining One.
   246 | D        | Became a worshipper of Warmaster Okawaru
   294 | D        | Noticed a centaur
   294 | D        | Noticed a gnoll sergeant
   294 | D        | Noticed a big kobold
   294 | D        | Noticed a two-headed ogre
   308 | D        | Killed a centaur
   308 | D        | Reached skill level 5 in Fighting
   308 | D        | Gained mutation: You are partially covered in sharp spines. [demonic ancestry]
   308 | D        | Reached XP level 5. HP: 19/44 MP: 4/7
   314 | D        | HP: 1/44 [gnoll sergeant/trident (11)]
   322 | D        | Reached skill level 6 in Fighting
   322 | D        | Reached skill level 5 in Armour
   322 | D        | Reached skill level 5 in Shields
   328 | D        | Reached skill level 5 in Long Blades
   328 | D        | Gained mutation: A weak demonic guardian rushes to your aid. [demonic ancestry]
   328 | D        | Reached XP level 6. HP: 28/53 MP: 6/9
   330 | D        | Slain by a two-headed ogre

Skill      XL: |  1  2  3  4  5 |
---------------+----------------+-----
Long Blades    | 2 3 4 5 |  5.2
Armour         | 3 4 5 |  5.6
Dodging        | 1 2 3 4 |  4.8
Shields        | 3 4 5 |  5.6
Fighting       | 4 5 6 |  6.3
Invocations    | 2 4 |  4.7

Action                   |  1- 3 |  4- 6 || total
-------------------------+-------+-------++-------
Melee: Long sword        |    60 |    31 ||    91
  Use: Potion            |     1 |     3 ||     4
Armor: Scale mail        |    18 |       ||    18
       Plate armour      |       |    30 ||    30
Dodge: Dodged            |    14 |     2 ||    16
Block: Shield            |    30 |    22 ||    52
       Rpst.: Long sword |     3 |       ||     3
